 Dungeon Crawl Stone Soup version 0.23.2-40-g277498a001 (webtiles) character file.

Game seed: 12017842807004441277

223 stef70 the Covered (level 5, -14/47 HPs)
             Began as a Minotaur Fighter on Aug 30, 2019.
             Engulfed by a cloud of flame (20 damage)
             ... on level 4 of the Dungeon.
             The game lasted 00:03:10 (986 turns).

stef70 the Covered (Minotaur Fighter)                Turns: 986, Time: 00:03:11

Health: -14/47     AC:  9    Str: 22    XL:     5   Next: 66%
Magic:  4/4        EV:  6    Int:  5    God:
Gold:   36         SH:  9    Dex:  9    Spells: 4/4 levels left

rFire    . . .     SeeInvis +   p - +4 hand axe (freeze)
rCold    . . .     Gourm    .   c - +0 shield
rNeg     . . .     Faith    .   h - +0 chain mail
rPois    .         Spirit   .   (helmet restricted)
rElec    .         Reflect  .   (no cloak)
rCorr    .         Harm     .   (no gloves)
MR       .....     Rnd*Tele +   (no boots)
Stlth    ..........             (no amulet)
HPRegen  0.15/turn              m - ring of see invisible
MPRegen  0.09/turn              q - ring of teleportation (curse)

@: no status effects
A: retaliatory headbutt, horns 2
a: no special abilities


You were on level 4 of the Dungeon.
You were not hungry.

You visited 1 branch of the dungeon, and saw 4 of its levels.

You collected 36 gold pieces.

Inventory:

Hand Weapons
 a - a +0 war axe
 g - the +4 spear of the Radish {pierce, Dex+3, unknown}
   (You found it on level 4 of the Dungeon)

   It inflicts extra damage upon your enemies.
   It affects your dexterity (+3).
 p - a +4 hand axe of freezing (weapon)
Missiles
 d - 13 poisoned needles
 l - 5 tomahawks (quivered)
Armour
 c - a +0 shield (worn)
 h - a +0 chain mail (worn)
Jewellery
 m - a ring of see invisible (left hand)
 q - a cursed ring of teleportation (right hand)
Scrolls
 k - a scroll of blinking
Potions
 e - a potion of curing {unknown}
 i - 2 potions of might
Comestibles
 f - 3 rations
 n - 3 chunks of flesh


   Skills:
 + Level 4.8 Fighting
 * Level 4.8 Axes
 + Level 5.0 Armour
 - Level 0.5 Dodging
 - Level 4.2 Shields


You had 4 spell levels left.
You didn't know any spells.
Your spell library was empty.

Dungeon Overview and Level Annotations

Branches:
Dungeon (4/15)
 Temple: D:4-7

Altars:
Wu Jian

Annotations:
D:3 1 runed translucent door, NeAGen181's ghost, amateur HOFi


Innate Abilities, Weirdness & Mutations

You reflexively headbutt those who attack you in melee.
You have a pair of horns on your head.


Message History

Your +2 hand axe of freezing glows red for a moment.
The adder hisses angrily.
As you read the scroll labeled ZERESESIUD, it crumbles to dust.
It is a scroll of identify.
k - a scroll of blinking
As you read the scroll labeled BUCAGOSE HULIPSESU, it crumbles to dust.
The creatures around you are filled with an inner flame!
It was a scroll of immolation.
As you read the scroll of enchant weapon, it crumbles to dust.
Your +3 hand axe of freezing glows red for a moment.
The adder bites you but does no damage.
You hit the adder.
The adder seems to slow down.
You freeze the adder.
The adder is heavily wounded.
You block the adder's attack.
You hit the adder.
The adder seems to slow down.
You freeze the adder.
The adder explodes!
The fiery explosion engulfs you!
You are engulfed in blazing flames.
* * * LOW HITPOINT WARNING * * *
You are engulfed in blazing flames.
You die...

......#####...(....##
........#..$.$?.####
##.........†#.)...#
...##.##)###†....#
..##.##..)......#
#.#......#......#
#.#......#..!...#
#..§§§...##....>..
#####..§@§...##########
....P..§§§...#
....%........#
##..<.....%..#
...####......# ##
#......# #......#
###.#### ..


There were no monsters in sight!

Vanquished Creatures
  A sky beast (D:4)
  A worker ant (D:4)
  A howler monkey skeleton (D:4)
  5 adders
  An adder skeleton (D:4)
  A dart slug (D:2)
  A leopard gecko (D:4)
  6 orcs (D:4)
  A giant cockroach (D:3)
  4 goblins
  3 hobgoblins (D:3)
  6 jackals
  3 quokkas
  A ball python (D:3)
  3 bats
  4 frilled lizards
  3 kobolds
  6 rats
51 creatures vanquished.

Notes
Turn   | Place    | Note
-------+----------+-------------------------------------------
     0 | D:1      | stef70 the Minotaur Fighter began the quest for the Orb.
     0 | D:1      | Reached XP level 1. HP: 19/19 MP: 0/0
   127 | D:2      | Reached XP level 2. HP: 27/27 MP: 1/1
   138 | D:2      | Reached skill level 4 in Armour
   199 | D:3      | Found a runed translucent door.
   200 | D:3      | Noticed NeAGen181's ghost (amateur HOFi)
   221 | D:3      | Found a faded altar of an unknown god.
   234 | D:3      | Reached XP level 3. HP: 33/33 MP: 2/2
   427 | D:3      | Found an ornate altar of the Wu Jian Council.
   630 | D:4      | Reached XP level 4. HP: 19/40 MP: 3/3
   808 | D:4      | Got a dazzling spear
   906 | D:4      | Noticed a sky beast
   937 | D:4      | Killed a sky beast
   937 | D:4      | Reached skill level 5 in Armour
   937 | D:4      | Reached XP level 5. HP: 24/47 MP: 4/4
   986 | D:4      | Engulfed by a cloud of flame

Skill      XL: |  1  2  3  4 |
---------------+-------------+-----
Armour         | 4 5 |  5.0
Fighting       | 4 |  4.8
Axes           | 3 4 |  4.8
Shields        | 4 |  4.2
Dodging        | |  0.5

Action                   |  1- 3 |  4- 6 || total
-------------------------+-------+-------++-------
Melee: War axe           |   101 |    29 ||   130
       Headbutt          |    10 |     5 ||    15
       Hand axe          |       |    20 ||    20
  Use: Potion            |     2 |     2 ||     4
       Scroll            |       |     4 ||     4
  Eat: Chunk             |       |     1 ||     1
Armor: Chain mail        |    77 |    27 ||   104
       Scale mail        |     1 |       ||     1
Dodge: Dodged            |    30 |    11 ||    41
Block: Shield            |    59 |    25 ||    84
